 Dungeon Crawl Stone Soup version 0.21-a0-536-gdbbf329 (webtiles) character file.

94 Amnesiac the Magician (level 4, -2/27 HPs)
             Began as a Deep Elf Earth Elementalist on Dec 14, 2017.
             Was an Initiate of Sif Muna.
             Slain by Crazy Yiuf
             ... wielding a +4 quarterstaff of chaos
              (3 damage)
             ... on level 2 of the Dungeon.
             The game lasted 00:03:47 (2352 turns).

Amnesiac the Magician (Deep Elf Earth Elementalist) Turns: 2352, Time: 00:03:47

Health: -2/27      AC:  3    Str:  5    XL:     4   Next: 38%
Magic:  0/12       EV: 13    Int: 21    God:    Sif Muna [......]
Gold:   124        SH:  0    Dex: 15    Spells: 1/11 levels left

rFire    . . .     SeeInvis .   i - +0 dagger
rCold    . . .     Gourm    .   (no shield)
rNeg     . . .     Faith    .   y - +0 robe (curse)
rPois    .         Spirit   +   (no helmet)
rElec    .         Reflect  .   q - scarf {Spirit}
rCorr    .         Harm     .   (no gloves)
MR       +....                  s - +0 pair of boots
Stlth    ++........             (no amulet)
HPRegen  0.09/turn              (no ring)
MPRegen  0.13/turn              u - ring of protection from magic

@: lethally poisoned (-2 -> -7), very slightly contaminated
A: no striking features
a: Renounce Religion


You were on level 2 of the Dungeon.
You worshipped Sif Muna.
Sif Muna was noncommittal.
You were not hungry.

You visited 1 branch of the dungeon, and saw 2 of its levels.

You collected 124 gold pieces.

Inventory:

Hand Weapons
 i - a +0 dagger (weapon)
Missiles
 b - 50 stones (quivered)
Armour
 q - a scarf of spirit shield (worn)
 s - a +0 pair of boots (worn)
 y - a cursed +0 robe (worn)
Jewellery
 a - an uncursed ring of fire
 u - a ring of protection from magic (right hand)
Scrolls
 f - 2 scrolls of identify {!r, unknown}
 j - 2 scrolls of enchant weapon {!r, unknown}
 k - a scroll of blinking {!r, unknown}
 l - a scroll of random uselessness {!r, unknown}
 n - a scroll of teleportation {!r, unknown}
 o - a scroll of immolation {!r, unknown}
 p - a scroll of noise {!r, unknown}
 t - a scroll of remove curse {!r, unknown}
 v - a scroll of fear {!r, unknown}
Potions
 g - a potion of lignification {!q, unknown}
 h - a potion of curing {!q, unknown}
 r - a potion of mutation {!q, unknown}
 w - a potion of might {!q, unknown}
 z - a potion of berserk rage {!q, unknown}
Books
 e - a book of Geomancy

   Spells                             Type                      Level
   a - Sandblast                      Earth                        1
   b - Passwall                       Transmutation/Earth          2
   c - Stone Arrow                    Conjuration/Earth            3
   d - Petrify                        Transmutation/Earth          4
   e - Lee's Rapid Deconstruction     Earth                        5
Comestibles
 d - 2 bread rations
 m - 2 royal jellies
 x - 3 fruits


   Skills:
 - Level 2.3 Fighting
 - Level 2.4 Dodging
 - Level 2.4 Stealth
 + Level 4.0 Spellcasting
 - Level 1.1 Transmutations
 * Level 4.0 Earth Magic


You had one spell level left.
You knew the following spells:

 Your Spells              Type           Power        Failure   Level  Hunger
a - Stone Arrow           Conj/Erth      ##....       16%         3    ###....
b - Passwall              Tmut/Erth      ##........   6%          2    #......
c - Sandblast             Erth           ###...       2%          1    None
e - Petrify               Tmut/Erth      ##......     38%         4    ####...


Dungeon Overview and Level Annotations

Branches:
Dungeon (2/15)

Altars:
Ashenzari
Gozag
Kikubaaqudgha
Nemelex Xobeh
Qazlal
Ru
Sif Muna
Trog
Vehumet
Wu Jian
Zin
The Shining One

Annotations:
D:2 Crazy Yiuf


Message History

You open the door.
Crazy Yiuf the Enlightened comes into view.
He is wielding a quarterstaff of chaos.
Found a mace.
Casting: Petrify
Confirm with . or Enter, or press ? or * to list all spells.
Aiming: Stone Arrow
Press: ? - help, Shift-Dir - straight line, f - Crazy Yiuf
Aim: Crazy Yiuf, wielding a quarterstaff of chaos and wearing a cloak (resting)
The stone arrow hits Crazy Yiuf.
Crazy Yiuf is moderately wounded.
Crazy Yiuf shouts!
Casting: Stone Arrow
Confirm with . or Enter, or press ? or * to list all spells.
Aiming: Stone Arrow
Press: ? - help, Shift-Dir - straight line, f/p - Crazy Yiuf
Aim: Crazy Yiuf, wielding a quarterstaff of chaos and wearing a cloak (moderately wounded)
The stone arrow misses Crazy Yiuf.
Casting: Stone Arrow
Confirm with . or Enter, or press ? or * to list all spells.
Aiming: Stone Arrow
Press: ? - help, Shift-Dir - straight line, f/p - Crazy Yiuf
Aim: Crazy Yiuf, wielding a quarterstaff of chaos and wearing a cloak (moderately wounded)
You miscast Stone Arrow.
You are very lightly contaminated with residual magic.
You are showered with tiny particles of grit.
Casting: Stone Arrow
Confirm with . or Enter, or press ? or * to list all spells.
Aiming: Stone Arrow
Press: ? - help, Shift-Dir - straight line, f/p - Crazy Yiuf
Aim: Crazy Yiuf, wielding a quarterstaff of chaos and wearing a cloak (moderately wounded)
The stone arrow hits Crazy Yiuf.
Crazy Yiuf is heavily wounded.
Crazy Yiuf hits you with a quarterstaff of chaos.
Crazy Yiuf freezes you.
Casting: Stone Arrow
Confirm with . or Enter, or press ? or * to list all spells.
You don't have enough magic to cast that spell.
Casting: Stone Arrow
Confirm with . or Enter, or press ? or * to list all spells.
Aiming: Sandblast
Press: ? - help, Shift-Dir - straight line, f/p - Crazy Yiuf
Aim: Crazy Yiuf, wielding a quarterstaff of chaos and wearing a cloak (heavily wounded)
The blast of sand hits Crazy Yiuf.
Crazy Yiuf is severely wounded.
b - 51 stones Crazy Yiuf hits you with a quarterstaff of chaos!
* * * LOW HITPOINT WARNING * * *
You are poisoned.
You feel sick.
You feel sick.
Crazy Yiuf grits, "Hack disdain return to song!"
You feel sick.
You feel sick.
Casting: Sandblast
Confirm with . or Enter, or press ? or * to list all spells.
Aiming: Sandblast
Press: ? - help, Shift-Dir - straight line, f/p - Crazy Yiuf
Aim: Crazy Yiuf, wielding a quarterstaff of chaos and wearing a cloak (severely wounded)
The blast of sand misses Crazy Yiuf.
b - 50 stones Crazy Yiuf hits you with a quarterstaff of chaos.
* * * LOW HITPOINT WARNING * * *
Crazy Yiuf burns you.
You die...

#.....................[........
#.#############################
#.# ############# # #.#
#...........# #.# #...........#
#.###...........#### ###
#.##>..............## ###..)#
#.##................####.'...#
#.##..........@g.....#..##...#
#.##................#.### ###
#.##............#######
#.............###
#.............#################
#..............................
#.##.######............#####'##
#.##.# #............# #.##
#.##.# #............# #.##


You could see Crazy Yiuf.

Vanquished Creatures
  A bullfrog skeleton (D:2)
  An adder (D:2)
  An ooze (D:1)
  2 worms (D:2)
  A leopard gecko (D:2)
  3 giant cockroaches
  6 goblins
  5 hobgoblins
  9 jackals
  3 kobolds
  3 bats
  3 frilled lizards
  8 rats
46 creatures vanquished.

Notes
Turn   | Place    | Note
-------+----------+-------------------------------------------
     0 | D:1      | Amnesiac the Deep Elf Earth Elementalist began the quest for the Orb.
     0 | D:1      | Reached XP level 1. HP: 10/10 MP: 6/6
   163 | D:1      | Reached XP level 2. HP: 16/16 MP: 6/8
   169 | D:1      | Reached skill level 1 in Fighting
   179 | D:1      | Learned a level 2 spell: Passwall
   943 | D:2      | Reached XP level 3. HP: 16/20 MP: 8/10
  1187 | D:2      | Learned a level 3 spell: Stone Arrow
  1548 | D:2      | Reached XP level 4. HP: 18/26 MP: 0/11
  1579 | D:2      | Learned a level 4 spell: Petrify
  1752 | D:2      | Found a runed door.
  1786 | D:2      | Found a bloodstained altar of Trog.
  1788 | D:2      | Found a sparkling altar of Nemelex Xobeh.
  1790 | D:2      | Found a radiant altar of Vehumet.
  1791 | D:2      | Found a glowing golden altar of the Shining One.
  1792 | D:2      | Found a deep blue altar of Sif Muna.
  1792 | D:2      | Found an ancient bone altar of Kikubaaqudgha.
  1792 | D:2      | Found an opulent altar of Gozag.
  1792 | D:2      | Found a shattered altar of Ashenzari.
  1793 | D:2      | Found a sacrificial altar of Ru.
  1795 | D:2      | Found a stormy altar of Qazlal.
  1796 | D:2      | Found an ornate altar of the Wu Jian Council.
  1797 | D:2      | Found a glowing silver altar of Zin.
  1800 | D:2      | Became a worshipper of Sif Muna the Loreminder
  2336 | D:2      | Noticed Crazy Yiuf
  2352 | D:2      | HP: 1/27 [Crazy Yiuf/quarterstaff of chaos (6)]
  2352 | D:2      | Slain by Crazy Yiuf

Vault maps used:
D:1:      scummos_arrival_forest, minmay_door_square,
          kennysheep_decorative_pillar
D:2:      minitemple, first_bread, minmay_heptomino_h4, uniq_crazy_yiuf_cottage

Skill      XL: |  1  2  3  4 |
---------------+-------------+-----
Fighting       | 1 2 |  2.3
Spellcasting   | 4 |  4.0
Earth Magic    | 4 |  4.0
Dodging        | |  2.4
Stealth        | |  2.4
Transmutations | |  1.1

Action                   |  1- 3 |  4- 6 || total
-------------------------+-------+-------++-------
Melee: Dagger            |    56 |    48 ||   104
 Cast: Sandblast         |    25 |     5 ||    30
       Stone Arrow       |    11 |     7 ||    18
       Petrify           |       |     2 ||     2
 Stab: Sleeping          |     7 |     1 ||     8
  Eat: Chunk             |     3 |     3 ||     6
Armor: Robe              |     4 |    16 ||    20
Dodge: Dodged            |    36 |    30 ||    66

Table legend:
 A = Spawn XP
 B = Non-spawn XP
 C = Spawn XP percentage of total XP
 D = Spawn monster count
 E = Non-spawn monster count
 F = Spawn count percentage of total count
 G = Total turns spent on level
                    A         B        C        D         E        F      G
               +---------+---------+-------+---------+---------+-------+---------
         Total |       0 |     135 |   0.0 |       0 |      46 |   0.0 |  2352
               +---------+---------+-------+---------+---------+-------+---------
           D:1 |       0 |      39 |   0.0 |       0 |      21 |   0.0 |   938
           D:2 |       0 |      96 |   0.0 |       0 |      25 |   0.0 |  1414
               +---------+---------+-------+---------+---------+-------+---------
